 Dungeon Crawl Stone Soup version 0.30.2 (webtiles) character file.

Game seed: 4501382752389952688

81 Silvore the Covered (level 4, -1/40 HPs)
             Began as a Minotaur Fighter on Apr 4, 2024.
             Slain by a goblin
             ... wielding a +0 club
              (3 damage)
             ... on level 4 of the Dungeon.
             The game lasted 00:02:34 (2154 turns).

Silvore the Covered (Minotaur Fighter)              Turns: 2154, Time: 00:02:35

Health: -1/40      AC:  0    Str: 22    XL:     4   Next: 20%
Magic:  3/3        EV: 11    Int:  5    God:
Gold:   105        SH:  0    Dex: 10    Spells: 3/3 levels left

rFire   . . .        (no weapon)
rCold   . . .        (no shield)
rNeg    . . .        (no body armour)
rPois   .            (helmet restricted)
rElec   .            (no cloak)
rCorr   .            (no gloves)
SInv    .            (no boots)
Will    .....        (no amulet)
Stlth   +            (no ring)
HPRegen 0.26/turn    (no ring)
MPRegen 0.08/turn

%: no passive effects
@: no status effects
A: horns 2, retaliatory headbutt
a: no special abilities


You were on level 4 of the Dungeon.
You visited 1 branch of the dungeon, and saw 4 of its levels.

You collected 105 gold pieces.

Inventory:

Wands
 j - a wand of roots (6)
Scrolls
 g - 4 scrolls of teleportation
 l - a scroll of identify
 n - a scroll of noise {unknown}
 o - a scroll of brand weapon {unknown}
Potions
 d - 2 potions of might
 e - a potion of attraction
 f - a potion of ambrosia
 h - a potion of brilliance {unknown}
 k - 2 potions of lignification {unknown}
 m - a potion of haste {unknown}


   Skills:
 + Level 4.0 Fighting
 + Level 3.6 Long Blades
 + Level 4.6 Armour
 + Level 1.0 Dodging
 + Level 4.0 Shields


You had 3 spell levels left.
You didn't know any spells.
Your spell library contained the following spells:

 Spells                   Type           Power      Damage    Failure   Level
 Blink                    Tloc           0%         N/A       63%         2
 Lesser Beckoning         Tloc           0%         N/A       63%         2
 Momentum Strike          Conj/Tloc      0%         3d8       63%         2


Dungeon Overview and Level Annotations

Branches:
Dungeon (4/15)
 Temple: D:4-7

Altars:

Shops:
D:2 [


Innate Abilities, Weirdness & Mutations

You have a pair of horns on your head.
You reflexively headbutt those who attack you in melee.


Message History

Unknown command.
(D) Dungeon
Where to? (? - help) HP restored.
There is a stone staircase leading down here.
You climb downwards.
Found 2 murky green potions and a scroll of identify.
There is a stone staircase leading up here.
Found a scroll of teleportation and a scroll labelled FEASIM HAKHLYGRO.
Found 9 gold pieces and a sling.
A goblin comes into view. It is wielding a +0 club.
The goblin shouts!
The goblin hits you with a +0 club. The goblin hits you with a +0 club.
The goblin attacks as you move away! The goblin hits you with a +0 club.
The goblin hits you with a +0 club. The goblin closely misses you.
The goblin closely misses you. The goblin hits you with a +0 club.
The goblin hits you with a +0 club. The goblin barely misses you.
The goblin hits you with a +0 club. The goblin hits you with a +0 club.
The goblin closely misses you. The goblin misses you.
The goblin hits you with a +0 club.
* * * LOW HITPOINT WARNING * * *
The goblin hits you with a +0 club.
* * * LOW HITPOINT WARNING * * *
The goblin hits you with a +0 club.
* * * LOW HITPOINT WARNING * * *
The goblin completely misses you. The goblin misses you.
The goblin hits you with a +0 club.
* * * LOW HITPOINT WARNING * * *
The goblin closely misses you. The goblin hits you with a +0 club.
* * * LOW HITPOINT WARNING * * *
The goblin hits you with a +0 club.
You die...

.................
.....###..#######
.................
##.######..#####.
#. #.......#
#.#.###.# #.#.#
.. #.#g#.###..
#.#@......#
#.######.## #. ##


You could see a goblin.

Vanquished Creatures
  2 adders (D:2)
  A worm (D:3)
  2 dart slugs
  6 ball pythons
  7 endoplasms
  4 giant cockroaches
  A goblin (D:1)
  12 hobgoblins
  4 jackals (D:1)
  2 bats (D:2)
  4 frilled lizards
  A kobold (D:3)
  4 rats
50 creatures vanquished.

Notes
Turn   | Place    | Note
-------+----------+-------------------------------------------
     0 | D:1      | Silvore the Minotaur Fighter began the quest for the Orb.
     0 | D:1      | Reached XP level 1. HP: 19/19 MP: 0/0
    88 | D:1      | Reached XP level 2. HP: 27/27 MP: 1/1
   713 | D:2      | Reached XP level 3. HP: 22/33 MP: 2/2
   792 | D:2      | Found a faded altar of an unknown god.
  1315 | D:2      | Found Zecves's Armour Boutique.
  1421 | D:2      | Reached skill level 1 in Dodging
  1894 | D:3      | Reached XP level 4. HP: 35/40 MP: 3/3
  2153 | D:4      | HP: 1/40 [goblin/+0 club (4)]
  2154 | D:4      | Slain by a goblin

Illustrated notes

Levels and vault maps discovered:
D:1:      dpeg_arrival_connections, layout_basic
D:2:      layout_basic, nicolae_ecumenical_pavilion, serial_shops,
          shop_fountains, serial_rivers, chequers_serial_rivers_small_a,
          chequers_serial_rivers_room_a, chequers_serial_rivers_micro_d,
          chequers_serial_rivers_small_a, chequers_serial_rivers_marsh,
          minmay_puff
D:3:      minmay_skewed_foursquare, layout_loops_ring, ashenzari_altar_1
D:4:      layout_basic

Skill      XL: |  1  2  3  4 |
---------------+-------------+-----
Armour         | 4 |  4.6
Long Blades    | 3 |  3.6
Fighting       | 4 |  4.0
Dodging        | 1 |  1.0
Shields        | 4 |  4.0

Action                     |  1- 3 |  4- 6 || total
---------------------------+-------+-------++-------
  Melee: Long sword        |    92 |    19 ||   111
         Headbutt          |    11 |     1 ||    12
    Use: Scroll            |     6 |       ||     6
 Armour: Scale mail        |    45 |       ||    45
         Chain mail        |     8 |     9 ||    17
  Dodge: Dodged            |    47 |    14 ||    61
  Block: Buckler           |    22 |     7 ||    29
